 Dungeon Crawl Stone Soup version 0.30-a0-777-ga9a30cbeda (webtiles) character file.

Game seed: 9763494464491699041

11202 nuthulu the Fighter (level 11, 0/79 HPs)
             Began as a Gargoyle Fighter on Feb 13, 2023.
             Was an Elder of Okawaru.
             Slain by a catoblepas (21 damage)
             ... on level 1 of the Lair of Beasts.
             The game lasted 00:15:03 (10772 turns).

nuthulu the Fighter (Gargoyle Fighter)             Turns: 10772, Time: 00:15:04

Health: 0/79       AC: 27    Str: 22    XL:     11   Next: 74%
Magic:  13/14      EV: 11    Int:  9    God:    Okawaru [****..]
Gold:   475        SH:  4    Dex: 11    Spells: 10/10 levels left

rFire   . . .      SeeInvis .    C - +0 flail (venom)
rCold   . . .      Faith    .    c - +0 buckler
rNeg    + . .      Spirit   .    s - +0 plate armour
rPois   ∞          Reflect  .    m - +2 helmet
rElec   +          Harm     .    A - +0 cloak
rCorr   .          Rampage  .    f - +1 pair of gloves
Will    .....                    t - +0 pair of boots Stlth
                                 (no amulet)
HPRegen 0.33/turn                h - +5 ring of evasion
MPRegen 0.14/turn                (no ring)

@: no status effects
A: sickness immunity, AC +8, negative energy resistance 1, electricity
resistance, torment resistance 1, petrification resistance
a: Renounce Religion, Heroism, Finesse


You were on level 1 of the Lair of Beasts.
You worshipped Okawaru.
Okawaru was greatly pleased with you.
You visited 3 branches of the dungeon, and saw 13 of its levels.

You collected 529 gold pieces.
You spent 54 gold pieces at shops.

Inventory:

Hand Weapons
 a - a +1 flail
 C - a +0 flail of venom (weapon)
Armour
 c - a +0 buckler (worn)
 f - a +1 pair of gloves (worn)
 m - a +2 helmet (worn)
 s - a +0 plate armour (worn)
 t - a +0 pair of boots (worn)
 A - a +0 cloak (worn)
Jewellery
 h - a +5 ring of evasion (left hand)
 l - a ring of ice
 z - a +6 ring of intelligence
Wands
 q - a wand of polymorph (5)
 u - a wand of acid (21)
 x - a wand of mindburst (20)
Scrolls
 b - 2 scrolls of amnesia
 e - 2 scrolls of identify
 i - 10 scrolls of teleportation
 k - a scroll of blinking
 w - a scroll of fear
 y - a scroll of magic mapping
 B - a scroll of enchant armour
Potions
 d - 3 potions of might
 g - 4 potions of heal wounds
 j - 5 potions of curing
 n - a potion of resistance
 o - 3 potions of mutation {unknown}
 p - 2 potions of haste
 r - 3 potions of attraction
 v - a potion of berserk rage {unknown}


   Skills:
 - Level 13.8 Fighting
 + Level 13.0 Maces & Flails
 - Level 3.2 Armour
 - Level 3.2 Shields
 + Level 4.0 Invocations


You had 10 spell levels left.
You didn't know any spells.
Your spell library contained the following spells:

 Spells                   Type           Power      Damage    Failure   Level
 Apportation              Tloc           0%         N/A       100%        1
 Magic Dart               Conj           0%         1d3       100%        1
 Necrotise                Necr           0%         1d4       100%        1
 Sandblast                Erth           0%         2d4       100%        1
 Passwall                 Tmut/Erth      0%         N/A       100%        2
 Inner Flame              Hex/Fire       0%         N/A       100%        3
 Mephitic Cloud           Conj/Pois/Air  0%         N/A       100%        3
 Stone Arrow              Conj/Erth      0%         3d7       100%        3
 Vampiric Draining        Necr           0%         2d6       100%        3
 Flame Wave               Conj/Fire      0%         2d4       100%        4
 Passage of Golubria      Tloc           0%         N/A       100%        4
 Sticky Flame             Conj/Fire      0%         2d3       100%        4
 Agony                    Necr           0%         N/A       100%        5
 Silence                  Hex/Air        0%         N/A       100%        5
 Lehudib's Crystal Spear  Conj/Erth      0%         10d2      100%        8
 Chain Lightning          Conj/Air       0%         N/A       100%        9
 Fire Storm               Conj/Fire      0%         5d1       100%        9
 Shatter                  Erth           0%         3d5*      100%        9
 Summon Small Mammal      Summ           Unusable   N/A       N/A         1
 Call Imp                 Summ           Unusable   N/A       N/A         2

Dungeon Overview and Level Annotations

Branches:
Dungeon (11/15)            Temple (1/1) D:7            Lair (1/5) D:9
    Orc: D:9-12

Altars:
Ashenzari
Dithmenos
Elyvilon
Fedhas
Gozag
Hepliaklqana
Kikubaaqudgha
Makhleb
Nemelex Xobeh
Okawaru
Qazlal
Sif Muna
Trog
Uskayaw
Wu Jian
Xom
Yredelemnul
Zin

Shops:
D:1 (   D:9 :[*

Portals:
Abyss: D:6

Annotations:
D:6 2 transporters, qborf's ghost, novice AtMo


Innate Abilities, Weirdness & Mutations

You are immune to sickness and miasma.
Your stone body is resilient. (AC +8)
You are immune to poison.
You resist negative energy. (rN+)
You are resistant to electric shocks. (rElec)
You are resistant to unholy torment.
You are immune to petrification.


Message History

The water moccasin bites you but does no damage.
You hit the water moccasin.
The water moccasin is almost dead.
The water moccasin is engulfed in calcifying dust.
The water moccasin stops moving altogether!
The water moccasin completely misses you.
The helpless water moccasin fails to defend itself.
You bludgeon the water moccasin!!
You kill the water moccasin!
Okawaru accepts your kill.
The water moccasin bites you but does no damage.
Your Invocations skill increases to level 4!
You closely miss the water moccasin.
The water moccasin bites you but does no damage.
You barely miss the water moccasin. The catoblepas gores you!
The water moccasin bites you but does no damage.
You completely miss the water moccasin. The water moccasin misses you.
The catoblepas gores you!
You miss the water moccasin.
The water moccasin bites you but does no damage.
You closely miss the water moccasin. The catoblepas completely misses you.
The water moccasin barely misses you.
You sock the water moccasin!
The water moccasin looks as sick as possible!
The water moccasin is moderately wounded.
The catoblepas looks more healthy.
The water moccasin completely misses you.
The catoblepas gores you!
You sock the catoblepas!
The catoblepas looks as sick as possible!
The catoblepas is moderately wounded.
The water moccasin bites you but does no damage.
The catoblepas gores you!
* * * LOW HITPOINT WARNING * * *
You sock the catoblepas!
The catoblepas looks as sick as possible!
The catoblepas is moderately wounded.
The water moccasin bites you but does no damage.
The catoblepas gores you!!
You die...

###.#+...#.........#....
.........###.#..##......
.......................
.......................
###..................
#..P.#......###...# #####
#..#..........#...P #...#
#..#..........#...P
#...###.@#..............#
#...'.'SY#..........#....
#######............ P...#
#.......... P...#
.######..+...... .. #
.........#.###.#
........>†......
................
................


You could see a catoblepas (extremely poisoned) and a water moccasin (extremely
poisoned).

Vanquished Creatures
  Josephine (D:10)
  Pikel (D:4)
  A black mamba (Lair:1)
  A cane toad (Lair:1)
  3 hornets
  5 dream sheep (D:7)
  4 wraiths
  A basilisk (Lair:1)
  A wyvern (D:8)
  3 shadows
  11 yaks
  3 vampire mosquitoes (D:10)
  2 steam dragons
  An acid dragon (D:8)
  3 water moccasins (Lair:1)
  5 orc warriors
  A sky beast (D:8)
  2 black bears
  An ogre (D:4)
  6 wolves (Lair:1)
  6 centaurs
  2 phantoms
  A kobold brigand (D:9)
  3 necrophages
  3 bullfrogs
  12 killer bees
  3 howler monkeys
  2 lava snakes (D:9)
  A quasit (D:5)
  3 hounds
  A gnoll bouda (D:5)
  4 jellies
  An orc priest (D:10)
  5 iguanas
  11 orc wizards
  Robin (D:2)
  6 gnolls
  6 adders
  A shadow imp (D:5)
  4 white imps
  2 ufetubi (D:5)
  A dart slug (D:4)
  26 orcs
  A bat (D:3)
  8 endoplasms
  4 giant cockroaches
  11 goblins
  6 hobgoblins
  5 kobolds
  A quokka (D:2)
  2 ball pythons
  4 frilled lizards
  5 rats
208 creatures vanquished.

Vanquished Creatures (others)
  An orc wizard (D:8)
  A fungus (Lair:1)
  4 plants (Lair:1)
6 creatures vanquished.

Grand Total: 214 creatures vanquished

Notes
Turn   | Place    | Note
-------+----------+-------------------------------------------
     0 | D:1      | nuthulu the Gargoyle Fighter began the quest for the Orb.
     0 | D:1      | Reached XP level 1. HP: 14/14 MP: 1/1
    99 | D:1      | Reached XP level 2. HP: 19/19 MP: 2/2
   154 | D:1      | Found a faded altar of an unknown god.
   156 | D:1      | Found Exkarouq's Weapon Emporium.
   277 | D:1      | You fall into a shaft and drop 1 floor!
  1006 | D:2      | Reached XP level 3. HP: 24/24 MP: 3/3
  1086 | D:2      | Noticed Robin
  1153 | D:2      | Killed Robin
  1905 | D:2      | Reached XP level 4. HP: 30/30 MP: 4/4
  2380 | D:3      | Found a blossoming altar of Fedhas.
  2394 | D:3      | Found an opulent altar of Gozag.
  3016 | D:4      | Found a basalt altar of Yredelemnul.
  3080 | D:4      | Found a white marble altar of Elyvilon.
  3195 | D:4      | Found a broken altar of Ashenzari.
  3197 | D:4      | Noticed a necrophage
  3224 | D:4      | Killed a necrophage
  3225 | D:4      | Reached skill level 5 in Fighting
  3225 | D:4      | Reached XP level 5. HP: 35/35 MP: 5/5
  3286 | D:4      | Identified the +0 sling of Ashenzari's Pride {freeze, rPois
                  | Str+3 Int+3}
  3384 | D:4      | Noticed an ogre
  3391 | D:4      | Killed an ogre
  3392 | D:4      | Reached XP level 6. HP: 40/40 MP: 6/6
  3441 | D:4      | Found an ornate altar of the Wu Jian Council.
  3745 | D:5      | Entered Level 5 of the Dungeon
  3802 | D:5      | Reached skill level 5 in Maces & Flails
  3911 | D:5      | Identified the +1 quarterstaff of Conscience {freeze,
                  | Str+3}
  3965 | D:5      | Reached XP level 7. HP: 32/47 MP: 7/7
  4180 | D:5      | Noticed Pikel
  4225 | D:4      | Killed Pikel
  4226 | D:4      | Reached XP level 8. HP: 41/54 MP: 8/8
  4443 | D:5      | Found a sparkling altar of Nemelex Xobeh.
  5064 | D:6      | Found a hazy altar of Hepliaklqana.
  5167 | D:6      | Found a transporter.
  5171 | D:6      | Noticed a toenail golem
  5193 | D:6      | Found a transporter.
  5304 | D:6      | Found a hide-covered altar of Uskayaw.
  5505 | D:6      | Reached XP level 9. HP: 58/60 MP: 9/9
  5724 | D:6      | Found a one-way gate to the infinite horrors of the Abyss.
  5724 | D:6      | Noticed qborf's ghost (novice AtMo)
  5857 | D:6      | Found a bloodstained altar of Trog.
  6190 | D:7      | Found a staircase to the Ecumenical Temple.
  6604 | D:7      | Reached skill level 10 in Fighting
  6678 | D:7      | Found the +5 robe of Night {Dark Will+ SInv}
  6860 | Temple   | Entered the Ecumenical Temple
  6926 | Temple   | Became a worshipper of Warmaster Okawaru
  7134 | D:7      | Reached skill level 10 in Maces & Flails
  7134 | D:7      | Reached XP level 10. HP: 69/69 MP: 10/10
  7426 | D:8      | Reached * piety under Okawaru
  7967 | D:8      | Found a large runed translucent door.
  7971 | D:8      | Found a large runed translucent door.
  8273 | D:8      | Found a glowing silver altar of Zin.
  8273 | D:8      | Found a burning altar of Makhleb.
  8275 | D:8      | Noticed a balrug
  8275 | D:8      | Noticed an angel
  8362 | D:8      | Found a shadowy altar of Dithmenos.
  8373 | D:8      | Found an ancient bone altar of Kikubaaqudgha.
  8491 | D:9      | Found Zuerevvinoce's Assorted Antiques.
  8743 | D:9      | Found a shimmering altar of Xom.
  8903 | D:9      | Found Siofiec's Book Boutique.
  8922 | D:9      | Found Guut's Armour Boutique.
  8930 | D:9      | Bought a +0 cloak for 54 gold pieces
  8985 | D:9      | Found a staircase to the Lair.
  9079 | D:9      | Reached ** piety under Okawaru
  9185 | D:10     | Entered Level 10 of the Dungeon
  9193 | D:10     | Noticed Josephine
  9246 | D:10     | Killed Josephine
  9264 | D:10     | Reached XP level 11. HP: 57/78 MP: 8/11
  9577 | D:10     | Reached *** piety under Okawaru
 10183 | Lair:1   | Entered Level 1 of the Lair of Beasts
 10395 | Lair:1   | Reached skill level 1 in Invocations
 10476 | Lair:1   | Reached **** piety under Okawaru
 10745 | Lair:1   | Noticed a catoblepas
 10772 | Lair:1   | Slain by a catoblepas

Illustrated notes

Levels and vault maps discovered:
D:1:      co_arrival_random_square_maze, layout_basic, serial_shops, shop,
          ebering_ecumenical_altar_ruins, minmay_stone_trees_small
D:2:      layout_basic, uniq_robin
D:3:      layout_loops_cross, mainiacjoe_overflow_catwalk, lemuel_tele_altar
D:4:      layout_rooms, kennysheep_ying_yang, nicolae_wu_jian_glorious_leap,
          evilmike_ruin_ashenzari
D:5:      layout_loops_cross, mainiacjoe_overflow_alcove_1, serial_demonic,
          serial_demonic_c, serial_demonic_g, serial_demonic_f,
          serial_demonic_c, minivault_27, grunt_decor_resistance, uniq_pikel
D:6:      layout_cave_pods, trog_butcher_becter, nicolae_uskayaw_dance_hall,
          nzn_hepliaklqana_mist_gate, gammafunk_ghost_abyssal_escape
D:7:      layout_basic, minmay_temple_entry_glass, hellmonk_guarded_unrand_night
D:8:      minmay_flawed_box, layout_rooms,
          grunt_temple_overflow_order_and_chaos_2, jmf_multi_god_temple2,
          enter_bailey_2
D:9:      layout_loops_ring, chequers_temple_overflow_statue_of_worship,
          lair_entry_dummy, serial_shops, kennysheep_mini_moat,
          nicolae_square_shop, nicolae_inconvenience_store,
          nicolae_shop_behind_doors, kennysheep_generic_room_10
D:10:     layout_loops_ring, uniq_josephine
D:11:     kennysheep_six_static_rooms, layout_loops_ring,
          kennysheep_orc_monster_closet_entryway, serial_shops,
          nicolae_shop_statue_plus, shop
Temple:   hellmonk_temple_beads
Lair:1:   layout_regular_city

Skill      XL: |  1  2  3  4  5  6  7  8  9 10 11 |
---------------+----------------------------------+-----
Fighting       | 4 5 6 7 9 11 13 | 13.8
Maces & Flails | 3 4 5 6 8 10 11 13 | 13.0
Invocations    | 4 |  4.0
Armour         | |  3.2
Shields        | |  3.2

Action                     |  1- 3 |  4- 6 |  7- 9 | 10-12 || total
---------------------------+-------+-------+-------+-------++-------
  Melee: Flail             |   122 |   132 |   279 |   587 ||  1120
         Unarmed           |       |       |     9 |       ||     9
  Throw: Throwing net      |       |     2 |     1 |       ||     3
 Invoke: Heroism           |       |       |       |     4 ||     4
    Use: Scroll            |     6 |     6 |     5 |     6 ||    23
         Potion            |     1 |     2 |       |     2 ||     5
   Stab: Invisible         |       |     3 |       |       ||     3
         Petrified         |       |       |       |     1 ||     1
 Armour: Scale mail        |    86 |    81 |   148 |   148 ||   463
         Skin              |       |       |     1 |       ||     1
         Plate armour      |       |       |       |   294 ||   294
  Dodge: Dodged            |    60 |    68 |   207 |   510 ||   845
  Block: Buckler           |    30 |    32 |    47 |   172 ||   281

Table legend: (Time is in decaauts)
 A = Elapsed time spent in this place.
 B = Non-inter-level travel time spent in this place.
 C = Inter-level travel time spent in this place.
 D = Time resting spent in this place.
 E = Time spent auto-exploring this place.
 F = Levels seen in this place.
 G = Mean time per level.
                   A        B        C        D        E       F      G
               +--------+--------+--------+--------+--------+-----+--------+
         Total |  10820 |  10473 |    347 |   1966 |   5917 |  13 |  832.3 |
       Dungeon |  10139 |   9847 |    292 |   1687 |   5766 |  11 |  921.7 |
        Temple |    120 |     66 |     54 |      0 |     52 |   1 |  120.0 |
          Lair |    560 |    560 |      0 |    279 |     99 |   1 |  560.0 |
               +--------+--------+--------+--------+--------+-----+--------+

Top non-repeatable levels by time:
     D:2: 1395 daAuts
     D:5: 1227 daAuts
     D:8: 1226 daAuts
     D:6: 1173 daAuts
    D:10: 961 daAuts
     D:1: 901 daAuts
     D:7: 897 daAuts
     D:4: 829 daAuts
     D:9: 773 daAuts
     D:3: 752 daAuts
  Lair:1: 560 daAuts
  Temple: 120 daAuts
    D:11: 1 daAuts
